 Dungeon Crawl Stone Soup version 0.26-a0-40-gfe7b5d5a6f (webtiles) character file.

Game seed: 6079670157493061807, levelgen mode: deterministic

31 Majang the Chiller (level 3, -3/21 HPs)
             Began as an Octopode Ice Elementalist on June 1, 2020.
             Killed from afar by Sigmund (8 damage)
             ... with a puff of flame
             ... on level 2 of the Dungeon.
             The game lasted 00:06:23 (1809 turns).

Majang the Chiller (Octopode Ice Elementalist)      Turns: 1809, Time: 00:06:25

Health: -3/21      AC:  1    Str:  7    XL:     3   Next: 22%
Magic:  1/7        EV: 13    Int: 18    God:
Gold:   58         SH:  0    Dex: 12    Spells: 0/7 levels left

rFire    . . .     SeeInvis .   c - +0 dagger
rCold    . . .     Gourm    .   (no shield)
rNeg     . . .     Faith    .   (helmet restricted)
rPois    .         Spirit   .   (no amulet)
rElec    .         Reflect  .   (no ring)
rCorr    .         Harm     .   (no ring)
MR       .....                  (no ring)
Stlth    +++.......             (no ring)
HPRegen  0.07/turn              (no ring)
MPRegen  0.10/turn              (no ring)
                                (no ring)
                                (no ring)

@: frozen ramparts
A: almost no armour, stealthy swim, amphibious, 8 rings, constrict 8, camouflage
1, gelatinous body 1
a: no special abilities


You were on level 2 of the Dungeon.
You were not hungry.

You visited 1 branch of the dungeon, and saw 2 of its levels.

You collected 58 gold pieces.

Inventory:

Hand Weapons
 c - a +0 dagger (weapon)
Scrolls
 d - a scroll of remove curse {unknown}
 f - 2 scrolls of fear {unknown}
 g - 3 scrolls of identify {unknown}
Comestibles
 b - 2 rations


   Skills:
 - Level 2.0 Dodging
 - Level 2.6 Stealth
 + Level 2.7 Spellcasting
 + Level 0.3 Charms
 + Level 4.5 Ice Magic


You couldn't memorise any spells.
You knew the following spells:

 Your Spells              Type           Power        Failure   Level  Hunger
a - Ozocubu's Armour      Chrm/Ice       ##......     19%         3    ###....
f - Freeze                Ice            ###.         2%          1    #......
r - Frozen Ramparts       Ice            ###...       8%          3    ###....

Your spell library contained the following spells:

 Spells                   Type           Power        Failure   Level  Hunger
 Hailstorm                Conj/Ice       ##......     54%         4    #####..
 Summon Ice Beast         Ice/Summ       ##......     54%         4    #####..


Dungeon Overview and Level Annotations

Branches:
Dungeon (2/15)

Altars:

Annotations:
D:2 Sigmund


Innate Abilities, Weirdness & Mutations

You cannot wear most types of armour.
You are very stealthy in the water. (Stealth+)
You are amphibious.
You can wear up to eight rings at the same time.
You can use your tentacles to constrict eight enemies at once.
Your skin changes colour to match your surroundings (Stealth+).
Your rubbery body absorbs attacks. (AC +1, EV +1)


Message History

The spell is quite dangerous to cast (8% risk of failure)!
Continue anyway?
The walls around you are covered in ice.
The wall freezes Sigmund.
The wall freezes Sigmund.
Sigmund casts a spell at you. The puff of flame hits you!
* * * LOW HITPOINT WARNING * * *
The wall freezes Sigmund.
Sigmund closely misses you.
Casting: Frozen Ramparts (quite dangerous; 8% risk of failure)
Confirm with . or Enter, or press ? or * to list all spells.
Aiming: Freeze (safe; 2% risk of failure)
Press: ? - help, Shift-Dir - straight line, f - Sigmund
Aim: Sigmund, wielding a +0 scythe and wearing a +0 robe (heavily wounded)
You freeze Sigmund!
Sigmund is severely wounded.
The jackal barks!
You hear a bark!
The wall freezes Sigmund.
Sigmund casts a spell at you. The puff of flame hits you!
You die...

........ ........ ........
.......$ ........ #####
........# #.#.# .........
#.#.# .........#
#.#.########.# ..........
#.#.@@.h.....#
........#[###.#####.######
...=....#..##.# #.#.#
..########.##.# #.#@# .
#....#.###...# .
#.#.<#.<@.†###
###.##)#.#######
.................
........#.#######


You could see Sigmund and a jackal.

Vanquished Creatures
  3 dart slugs (D:1)
  3 leopard geckos (D:1)
  A giant cockroach (D:1)
  A goblin (D:1)
  2 jackals (D:2)
  A kobold (D:2)
  A ball python (D:2)
  4 bats
  2 frilled lizards (D:1)
  6 rats
24 creatures vanquished.

Notes
Turn   | Place    | Note
-------+----------+-------------------------------------------
     0 | D:1      | Majang the Octopode Ice Elementalist began the quest for
                  | the Orb.
     0 | D:1      | Reached XP level 1. HP: 11/11 MP: 3/3
   281 | D:1      | Reached XP level 2. HP: 17/17 MP: 5/5
   854 | D:1      | Reached XP level 3. HP: 20/21 MP: 4/6
   862 | D:1      | Learned a level 3 spell: Ozocubu's Armour
   866 | D:1      | Learned a level 3 spell: Frozen Ramparts
  1063 | D:2      | Noticed Sigmund
  1809 | D:2      | Killed from afar by Sigmund

Illustrated notes

Levels and vault maps discovered:
D:1:      minmay_arrival_four_houses, layout_basic, serial_forest,
          infiniplex_forest_lined_2, infiniplex_forest_corner_2,
          infiniplex_forest_clump_C, infiniplex_forest_join,
          infiniplex_forest_straight_2, infiniplex_forest_corner_1
D:2:      layout_basic, serial_curves, eino_curves_03, eino_curves_03,
          uniq_sigmund

Action                   || total
-------------------------++-------
Melee: Dagger            ||    35
       Constrict         ||    12
       Unarmed           ||     4
       Tentacles         ||     6
 Cast: Freeze            ||    10
       Frozen Ramparts   ||     4
  Use: Potion            ||     1
 Stab: Sleeping          ||    10
  Eat: Ration            ||     1
       Chunk             ||     1
Armor: Skin              ||     2
Dodge: Dodged            ||    28

Table legend:
 A = Non-vault XP
 B = Vault XP
 C = Vault XP percentage of total XP
 D = Non-vault monster count
 E = Vault monster count
 F = Vault count percentage of total count
                 A         B        C        D         E       F
            +---------+---------+-------+---------+---------+-------
      Total |      45 |       0 |   0.0 |      24 |       0 |   0.0
            +---------+---------+-------+---------+---------+-------
        D:1 |      34 |       0 |   0.0 |      17 |       0 |   0.0
        D:2 |      11 |       0 |   0.0 |       7 |       0 |   0.0
            +---------+---------+-------+---------+---------+-------
